 Dungeon Crawl Stone Soup version 0.31-a0-229-g1fc7ce93e2 (webtiles) character file.

Game seed: 8561314327381528364

242 qw the Shooter (level 6, 0/37 HPs)
             Began as a Gargoyle Hexslinger on July 6, 2023.
             Slain by a gnoll
             ... wielding a +0 club
             ... led by a gnoll bouda
              (4 damage)
             ... on level 3 of the Dungeon.
             The game lasted 00:01:16 (2497 turns).

qw the Shooter (Gargoyle Hexslinger)                Turns: 2497, Time: 00:01:17

Health: 0/37       AC: 11    Str: 11    XL:     6   Next: 9%
Magic:  7/7        EV: 10    Int: 14    God:
Gold:   66         SH:  0    Dex: 14    Spells: 6/7 levels left

rFire   . . .        Y - +2 sling
rCold   . . .        (no shield)
rNeg    + . .        j - +0 ring mail
rPois   inf          h - +0 helmet
rElec   +            e - +0 cloak
rCorr   +            (no gloves)
SInv    .            (no boots)
Will    .....        (no amulet)
Stlth   +            d - ring of resist corrosion
HPRegen 0.26/turn    (no ring)
MPRegen 0.10/turn

%: no passive effects
@: weakened
A: sickness immunity, AC +4, negative energy resistance 1, electricity
resistance, torment resistance 1, petrification resistance
a: no special abilities


You were on level 3 of the Dungeon.
You visited 1 branch of the dungeon, and saw 4 of its levels.

You collected 98 gold pieces.
You spent 32 gold pieces at shops.


Innate Abilities, Weirdness & Mutations

You are immune to sickness and miasma.
Your stone body is resilient. (AC +4)
You are immune to poison.
You resist negative energy. (rN+)
You are resistant to electric shocks. (rElec)
You are resistant to unholy torment.
You are immune to petrification.


   Skills:
 - Level 3.0 Fighting
 + Level 5.3 Ranged Weapons
 - Level 1.3 Armour
 - Level 1.5 Dodging
 - Level 1.0 Spellcasting
 - Level 2.6 Hexes


You had 6 spell levels left.
You knew the following spells:

 Your Spells              Type           Power      Damage    Failure   Level
a - Slow                  Hex            32%        N/A       21%         1

Your spell library contained the following spells:

 Spells                   Type           Power      Damage    Failure   Level
 Inner Flame              Hex/Fire       4%         N/A       71%         3
 Portal Projectile        Hex/Tloc       8%         N/A       71%         3
 Cause Fear               Hex            4%         N/A       90%         4

Inventory:

Hand Weapons
 Y - a +2 sling (weapon)
Armour
 e - a +0 cloak (worn)
 h - a +0 helmet (worn)
 j - a +0 ring mail (worn)
Jewellery
 d - a ring of resist corrosion (left hand)
Scrolls
 l - a scroll of identify
Potions
 k - a potion of curing

Dungeon Overview and Level Annotations

Branches:
Dungeon (4/15)
 Temple: D:4-7

Altars:
Hepliaklqana

Shops:
D:1 *


Message History

The gnoll bouda hits you but does no damage.
You shoot a sling bullet.
The sling bullet closely misses the gnoll bouda.
The gnoll hits you with a +0 club.
The gnoll bouda utters an invocation to its god.
The gnoll bouda is healed somewhat.
The gnoll bouda hits you with a +0 whip.
The gnoll hits you but does no damage.
You shoot a sling bullet. The sling bullet hits the gnoll bouda.
The gnoll bouda is heavily wounded.
The gnoll bouda hits you but does no damage.
The gnoll barely misses you.
You shoot a sling bullet.
The sling bullet barely misses the gnoll bouda.
The gnoll hits you with a +0 club.
The gnoll bouda hits you but does no damage.
The gnoll completely misses you.
The gnoll bouda hits you but does no damage.
You shoot a sling bullet.
The sling bullet barely misses the gnoll bouda.
The gnoll bouda hits you but does no damage.
The gnoll hits you with a +0 club!
You shoot a sling bullet. The sling bullet hits the gnoll bouda.
The gnoll bouda is severely wounded.
The gnoll bouda hits you but does no damage.
The gnoll barely misses you.
You shoot a sling bullet.
The sling bullet barely misses the gnoll bouda.
The gnoll closely misses you.
The gnoll bouda hits you with a +0 whip.
You shoot a sling bullet.
The sling bullet closely misses the gnoll bouda.
The gnoll closely misses you.
The gnoll bouda gazes fiercely through you!
You feel your attacks grow feeble.
The gnoll bouda hits you with a +0 whip.
You shoot a sling bullet. The sling bullet hits the gnoll bouda.
The gnoll bouda is severely wounded.
The gnoll is no longer moving quickly.
The gnoll hits you with a +0 club.
You die...

#...............###
##..........b.....#
##...........###.###
######(#b####
#...##### #(#b#
######...... #.#b#
#....####### #.#.#
#....### # #g#.#
#......## #@#.#
###.##..## #g#.#
#.###..# #.#.## #.#
##.## ##.#..# #.#
#..## #..##.# #.#
##... #.###.# #.#
#### #.# #.# #.# #
#.# #.# #.########
#.# #.# #.........


You could see a gnoll bouda and a gnoll.

Vanquished Creatures
  An orc priest (D:3)
  Ijyb (D:3)
  Natasha (D:3)
  Robin (D:3)
  4 adders (D:2)
  3 gnolls (D:3)
  A worm (D:3)
  2 dart slugs
  4 orcs (D:3)
  2 endoplasms (D:1)
  8 giant cockroaches
  12 goblins
  6 hobgoblins
  4 jackals (D:2)
  7 kobolds
  3 quokkas (D:1)
  3 ball pythons
  A bat (D:1)
  5 frilled lizards
  6 rats
75 creatures vanquished.

Vanquished Creatures (others)
  An endoplasm (D:3)
1 creature vanquished.

Grand Total: 76 creatures vanquished

Notes
Turn   | Place    | Note
-------+----------+-------------------------------------------
     0 | D:1      | qw the Gargoyle Hexslinger began the quest for the Orb.
     0 | D:1      | Reached XP level 1. HP: 12/12 MP: 2/2
     0 | D:1      | 0 ||| qw: Version: 0.3-a-46-gb1f654a
     0 | D:1      | 0 ||| qw: Game counter: 1162
     0 | D:1      | 0 ||| qw: Melee chars always use a shield: true
     0 | D:1      | 0 ||| qw: God list: Okawaru
     0 | D:1      | 0 ||| qw: Allow faded altars: false
     0 | D:1      | 0 ||| qw: Do Orc after clearing Dungeon:15 true
     0 | D:1      | 0 ||| qw: Do second Lair branch before Depths: true
     0 | D:1      | 0 ||| qw: Lair rune preference: random
     0 | D:1      | 0 ||| qw: Goals: Normal
     0 | D:1      | 0 ||| PLANNING D:1-11
    98 | D:1      | Reached XP level 2. HP: 16/16 MP: 3/3
   205 | D:1      | Reached skill level 3 in Ranged Weapons
   417 | D:1      | Found Xefor's Assorted Antiques.
   425 | D:1      | 425 ||| BUYING 2 fizzy orange potions (32 gold).
   425 | D:1      | Bought 2 fizzy orange potions for 32 gold pieces
   425 | D:1      | 425 ||| SHOPLISTING 3 scrolls labelled NAHECU ALIURA (54
                  | gold, have 7).
   425 | D:1      | 425 ||| SHOPLISTING ring mail (72 gold, have 7).
   425 | D:1      | 425 ||| SHOPLISTING scroll labelled ZYUXINN GUENU (18 gold,
                  | have 7).
   613 | D:1      | Reached XP level 3. HP: 21/21 MP: 4/4
   898 | D:1      | 898 ||| UPGRADING to +0 cloak.
   903 | D:1      | 903 ||| UPGRADING to +0 helmet.
   908 | D:1      | 908 ||| READING scroll labelled CUPIDO PEDUACW.
   924 | D:1      | 924 ||| READING scroll labelled KIMUFU GEHE.
   925 | D:1      | 925 ||| DRINKING 2 fizzy orange potions.
   926 | D:1      | 926 ||| DROPPING scroll of poison.
   927 | D:1      | 927 ||| DROPPING potion of magic.
  1048 | D:2      | Found a faded altar of an unknown god.
  1108 | D:2      | Reached XP level 4. HP: 26/26 MP: 5/5
  1169 | D:2      | Reached skill level 4 in Ranged Weapons
  1397 | D:2      | 1397 ||| UPGRADING to +0 leather armour.
  1407 | D:2      | 1407 ||| DROPPING +0 robe.
  1408 | D:2      | 1408 ||| UPGRADING to +0 ring mail.
  1418 | D:2      | 1418 ||| DROPPING +0 leather armour.
  1419 | D:2      | 1419 ||| UPGRADING to ring of resist corrosion.
  1420 | D:2      | 1420 ||| READING scroll labelled IMITOZU CIOZUMN.
  1423 | D:2      | 1423 ||| READING scroll labelled PEETAF ILLIO.
  1424 | D:2      | 1424 ||| READING scroll labelled QYFOITH OHEI.
  1425 | D:2      | 1425 ||| DRINKING 3 brown potions.
  1426 | D:2      | 1426 ||| DRINKING 3 red potions.
  1427 | D:2      | 1427 ||| READING 2 scrolls of identify.
  1427 | D:2      | 1427 ||| IDENTIFYING amethyst potion
  1428 | D:2      | 1428 ||| DROPPING potion of lignification.
  1429 | D:2      | 1429 ||| DROPPING 2 potions of attraction.
  1485 | D:3      | Reached skill level 1 in Armour
  1488 | D:3      | 1488 ||| FLEEEEING.
  1489 | D:3      | 1489 ||| FLEEEEING.
  1517 | D:3      | Reached XP level 5. HP: 21/30 MP: 6/6
  1562 | D:3      | Found a hazy altar of Hepliaklqana.
  1610 | D:3      | Noticed Natasha
  1619 | D:3      | Killed Natasha
  1909 | D:3      | Identified the +11 long sword of Bipnyle {vamp, rF- rN+
                  | Will+ Str+3}
  1915 | D:3      | Reached skill level 5 in Ranged Weapons
  1919 | D:3      | HP: 4/30 [orc/the +11 long sword of Bipnyle {vamp, rF- rN+
                  | Will+ Str+3} (14)]
  1920 | D:3      | 1920 ||| READING scroll of teleportation.
  1921 | D:3      | 1921 ||| DRINKING 2 potions of heal wounds.
  2003 | D:3      | Noticed Ijyb
  2004 | D:3      | 2004 ||| FLEEEEING.
  2005 | D:3      | 2005 ||| FLEEEEING.
  2006 | D:3      | 2006 ||| FLEEEEING.
  2007 | D:3      | 2007 ||| FLEEEEING.
  2008 | D:3      | 2008 ||| FLEEEEING.
  2013 | D:3      | 2013 ||| FLEEEEING.
  2025 | D:3      | Killed Ijyb
  2156 | D:3      | Noticed Robin
  2165 | D:3      | Reached XP level 6. HP: 26/36 MP: 7/7
  2166 | D:3      | HP: 8/36 [goblin/+0 dagger[Robin] (5)]
  2167 | D:3      | 2167 ||| READING scroll of teleportation.
  2168 | D:3      | 2168 ||| DRINKING potion of heal wounds.
  2300 | D:3      | Reached skill level 3 in Fighting
  2309 | D:3      | Killed Robin
  2451 | D:3      | 2451 ||| READING scroll labelled YMASUJ BIBEO.
  2452 | D:3      | 2452 ||| READING scroll labelled ATOANU XAVUIHIUKK.
  2453 | D:3      | 2453 ||| READING scroll labelled NAHECU ALIURA.
  2454 | D:3      | 2454 ||| DRINKING 2 pink potions.
  2483 | D:4      | 2483 ||| STAIRDANCE
  2495 | D:3      | HP: 9/37 [gnoll bouda/+0 whip (5)]
  2496 | D:3      | HP: 3/37 [gnoll bouda/+0 whip (6)]
  2497 | D:3      | Slain by a gnoll

Levels and vault maps discovered:
D:1:      lemuel_arrival_river_ford, layout_basic, serial_shops,
          nicolae_shop_dealshenge, serial_bayou_pond_e,
          minmay_misc_feat_enclosed, minmay_tiny_reverse_x
D:2:      layout_rooms, chequers_ecumenical_altar_island
D:3:      layout_rooms, nicolae_hepliaklqana_hippocampus, uniq_natasha,
          uniq_robin, uniq_ijyb
D:4:      layout_loops_cross, uniq_edmund, uniq_crazy_yiuf_cottage,
          uniq_menkaure, uniq_blork_the_orc

Skill      XL: |  1  2  3  4  5  6 |
---------------+-------------------+-----
Ranged Weapons | 3 4 5 |  5.3
Fighting       | 2 3 |  3.0
Armour         | 1 |  1.3
Dodging        | |  1.5
Spellcasting   | |  1.0
Hexes          | |  2.6

Action                     |  1- 3 |  4- 6 || total
---------------------------+-------+-------++-------
   Fire: Sling             |   102 |   212 ||   314
    Use: Scroll            |     2 |     9 ||    11
         Potion            |     1 |     5 ||     6
 Armour: Robe              |    20 |    27 ||    47
         Ring mail         |       |    57 ||    57
  Dodge: Dodged            |    34 |   116 ||   150

Table legend:
 A = Non-vault XP
 B = Vault XP
 C = Vault XP percentage of total XP
 D = Non-vault monster count
 E = Vault monster count
 F = Vault count percentage of total count
                 A         B        C        D         E       F
            +---------+---------+-------+---------+---------+-------
      Total |     246 |     100 |  28.9 |      64 |      11 |  14.7
            +---------+---------+-------+---------+---------+-------
        D:1 |      42 |       2 |   4.5 |      22 |       2 |   8.3
        D:2 |      88 |       0 |   0.0 |      23 |       0 |   0.0
        D:3 |     116 |      98 |  45.8 |      19 |       9 |  32.1
            +---------+---------+-------+---------+---------+-------
